 Dungeon Crawl Stone Soup version 0.30-b1-2-g02819fbbbe (webtiles) character file.

Game seed: 3499318430644476124

478 Flibulle the Grave Robber (level 7, -1/50 HPs)
             Began as a Hill Orc Necromancer on July 13, 2023.
             Succumbed to a kobold's poison
             ... on level 4 of the Dungeon.
             The game lasted 00:48:54 (4900 turns).

Flibulle the Grave Robber (Hill Orc Necromancer)    Turns: 4900, Time: 00:48:55

Health: -1/50      AC:  7    Str: 12    XL:     7   Next: 11%
Magic:  18/18      EV: 11    Int: 14    God:
Gold:   109        SH:  0    Dex: 15    Spells: 1/9 levels left

rFire   . . .        C - +0 hand axe
rCold   . . .        (no shield)
rNeg    . . .        p - +0 ring mail
rPois   .            (helmet restricted)
rElec   .            (no cloak)
rCorr   .            c - +0 pair of gloves
SInv    .            (no boots)
Will    .....        (no amulet)
Stlth   +            t - ring of magical power
HPRegen 0.28/turn    (no ring)
MPRegen 0.16/turn

%: no passive effects
@: brilliant, lethally poisoned (-1 -> -9)
A: horns 1, agile 1, no potion heal 1
a: Convert to Beogh


You were on level 4 of the Dungeon.
You visited 1 branch of the dungeon, and saw 4 of its levels.

You collected 109 gold pieces.

Inventory:

Hand Weapons
 j - a +1 mace of draining
 n - a +0 scythe
 y - the +7 short sword "Nuntosh" {protect, rC+ rN+ rCorr}
   (You found it on level 3 of the Dungeon)

   rC:        It protects you from cold.
   rN:        It protects you from negative energy.
   rCorr:     It protects you from acid and corrosion.
 C - a +0 hand axe (weapon)
Missiles
 h - 42 stones
Armour
 c - a +0 pair of gloves (worn)
 e - a +0 helmet
 g - a +0 pair of gloves
 i - a +0 chain mail
 p - a +0 ring mail (worn)
 v - a +0 ring mail
 x - a +0 chain mail
Jewellery
 t - a ring of magical power (left hand)
Wands
 l - a wand of iceblast (5)
 m - a wand of flame (12)
Scrolls
 o - a scroll of magic mapping {unknown}
 q - a scroll of immolation {unknown}
 u - 2 scrolls of identify {unknown}
 z - a scroll of acquirement {unknown}
 A - 2 scrolls of blinking {unknown}
Potions
 a - 3 potions of heal wounds {unknown}
 b - a potion of magic
 d - a potion of brilliance
 k - 2 potions of degeneration {unknown}
 r - a potion of berserk rage {unknown}
 s - a potion of curing {unknown}
 w - a potion of resistance {unknown}
 B - a potion of flight {unknown}


   Skills:
 + Level 2.1 Axes
 + Level 3.7 Armour
 - Level 2.1 Dodging
 - Level 1.5 Stealth
 - Level 1.5 Spellcasting
 + Level 6.9 Necromancy


You had one spell level left.
You knew the following spells:

 Your Spells              Type           Power      Damage    Failure   Level
a - Necrotise             Necr           100%       1d9       3%          1
b - Vampiric Draining     Necr           30%        2d8       9%          3
c - Animate Dead          Necr           30%        N/A       30%         4

Your spell library contained the following spells:

 Spells                   Type           Power      Damage    Failure   Level
 Cigotuvi's Dreadful Rot  Necr/Pois/Air  22%        N/A       30%         2
 Agony                    Necr           30%        N/A       63%         5
 Ignite Poison            Fire/Tmut/Pois 1%         N/A       85%         3
 Freezing Cloud           Conj/Ice/Air   0%         6-21      100%        5


Dungeon Overview and Level Annotations

Branches:
Dungeon (4/15)
 Temple: D:4-7

Altars:
Xom
Zin

Shops:
D:3 !


Innate Abilities, Weirdness & Mutations

You have a pair of small horns on your head.
You are agile. (Dex +4, Str/Int -1)
Potions are less effective at restoring your health.


Message History

The kobold throws a poisoned dart.
The poisoned dart hits you!
You are poisoned.
You feel sick.
You feel sick.
You feel sick.
The kobold throws a poisoned dart.
The poisoned dart hits you!
You are more poisoned.
You feel very sick.
The kobold throws a poisoned dart.
The poisoned dart hits you!
You are more poisoned.
You feel very sick.
You feel very sick.
You feel very sick.
You feel sick.
The kobold throws a poisoned dart.
The poisoned dart hits you!
You are lethally poisoned!
It was a potion of brilliance.
You feel clever all of a sudden.
* * * LOW HITPOINT WARNING * * *
You feel very sick.
The kobold throws a poisoned dart.
The poisoned dart barely misses you.
* * * LOW HITPOINT WARNING * * *
You feel very sick.
The kobold throws a poisoned dart.
The poisoned dart hits you.
You are more poisoned.
* * * LOW HITPOINT WARNING * * *
You feel very sick.
The kobold throws a poisoned dart.
The poisoned dart closely misses you.
* * * LOW HITPOINT WARNING * * *
You feel very sick.
It was a potion of mutation.
You feel extremely strange. A pair of horns grows on your head!
Your +0 helmet falls away!
Your system partially rejects the healing effects of potions.
You feel agile.
* * * LOW HITPOINT WARNING * * *
You feel very sick.
Aiming: Iceblast
Press: ? - help, Shift-Dir - straight line The mass of ice explodes!
The iceblast engulfs the orc priest!
The orc priest is severely wounded.
You die...

######......#
#....#......#
##.#.h.......#
##..Ko##......#
##....###.K....#
#.....# ###o####
############.o.###
#.#
.........#....##
#)#
########...@###
#{# #########....#
#######o#####
##...........##
#.....hJl...
##..#####....##
#.....ooS.###
###..## ###..###
#............
....## #....#
#....<.....# #####
###....#
##.........# ..#
#....#.#
###.†).......+ ..#
##.##.#.#
#............#


You could see an orc priest, an orc, a jackal and a kobold.

Vanquished Creatures
  Sigmund (D:2)
  An ogre (D:4)
  An orc priest (D:4)
  A hound (D:4)
  An iguana (D:4)
  A sleepcap (D:4)
  An adder (D:3)
  4 worms
  A dart slug (D:4)
  10 orcs
  4 bats
  9 endoplasms
  A giant cockroach (D:4)
  7 goblins
  7 hobgoblins
  10 jackals
  11 kobolds
  6 quokkas
  7 ball pythons
  6 rats
90 creatures vanquished.

Vanquished Creatures (collateral kills)
  A ball python (D:3)
  An endoplasm (D:1)
  A jackal (D:4)
  A frilled lizard (D:2)
  A rat (D:2)
5 creatures vanquished.

Grand Total: 95 creatures vanquished

Notes
Turn   | Place    | Note
-------+----------+-------------------------------------------
     0 | D:1      | Flibulle the Hill Orc Necromancer began the quest for the
                  | Orb.
     0 | D:1      | Reached XP level 1. HP: 14/14 MP: 3/3
   205 | D:1      | Reached XP level 2. HP: 17/20 MP: 0/4
   843 | D:1      | Reached XP level 3. HP: 26/26 MP: 1/5
  1424 | D:1      | You fall into a shaft and drop 1 floor!
  2153 | D:2      | Noticed Sigmund
  2155 | D:2      | Killed Sigmund
  2156 | D:2      | Reached skill level 6 in Necromancy
  2156 | D:2      | Reached XP level 4. HP: 33/33 MP: 6/6
  2156 | D:2      | Reached XP level 5. HP: 38/38 MP: 7/7
  2227 | D:2      | Learned a level 3 spell: Vampiric Draining
  2401 | D:2      | Found a shimmering altar of Xom.
  3416 | D:3      | Reached XP level 6. HP: 45/45 MP: 8/8
  3421 | D:3      | Learned a level 4 spell: Animate Dead
  3734 | D:3      | Found Qutsot's Distillery.
  3739 | D:3      | Identified the +7 short sword "Nuntosh" {protect, rC+ rN+
                  | rCorr}
  4665 | D:4      | Found a glowing silver altar of Zin.
  4719 | D:4      | Reached skill level 1 in Axes
  4719 | D:4      | Reached XP level 7. HP: 50/50 MP: 9/9
  4899 | D:4      | Gained mutation: You have a pair of small horns on your
                  | head. [potion of mutation]
  4899 | D:4      | Gained mutation: Potions are less effective at restoring
                  | your health. [potion of mutation]
  4899 | D:4      | Gained mutation: You are agile. (Dex +4, Str/Int -1)
                  | [potion of mutation]
  4899 | D:4      | HP: 1/50 [poisoned by a kobold]
  4900 | D:4      | Succumbed to a kobold's poison

Illustrated notes

Levels and vault maps discovered:
D:1:      sevenhm_arrival_forest_fort_large_2, layout_basic,
          serial_co_window_serial, co_window_corner_a, co_window_paths_a,
          co_window_corner_a, co_window_paths_a, co_window_paths_b,
          co_window_of_opportunity_b, co_window_broadway_b,
          co_window_unsneaky_path_b, co_window_2corner,
          co_window_of_opportunity_c, co_window_unsneaky_path_a,
          co_window_broadway_a, glass_columns_a, glass_columns_b,
          glass_columns_a, glass_columns_a, glass_columns_a, st_stairs_11
D:2:      layout_basic, basic_altar, minmay_tripent, uniq_sigmund
D:3:      layout_loops_corners, serial_shops, shop
D:4:      layout_rooms, mainiacjoe_overflow_alcove_2, minmay_joined_circles

Skill      XL: |  1  2  3  4  5  6  7 |
---------------+----------------------+-----
Dodging        | 2 |  2.1
Armour         | 2 3 |  3.7
Necromancy     | 6 |  6.9
Axes           | 1 2 |  2.1
Stealth        | |  1.5
Spellcasting   | |  1.5

Action                     |  1- 3 |  4- 6 |  7- 9 || total
---------------------------+-------+-------+-------++-------
  Melee: Unarmed           |    23 |       |       ||    23
         Punch             |     1 |     1 |       ||     2
         Short sword       |    16 |       |       ||    16
         Mace              |    27 |    49 |       ||    76
         Hand axe          |       |     8 |    32 ||    40
   Cast: Necrotise         |    50 |    79 |     3 ||   132
  Evoke: Wand              |     2 |     4 |     5 ||    11
    Use: Potion            |       |       |     2 ||     2
 Armour: Robe              |    14 |       |       ||    14
         Chain mail        |    22 |     4 |       ||    26
         Ring mail         |       |    32 |    14 ||    46
  Dodge: Dodged            |    56 |    34 |    22 ||   112
